Map: Ice and Chrome LE

Players

Creature - Winner!

  • Race: Protoss Protoss
  • Spawn Location: 7:00

Vindicta

  • Race: Terran Terran
  • League: Master
  • Spawn Location: 1:00

Event: The Miserable Cup

VOD

Have the link to the VOD?

Description

Time

  • Played on: June 21, 2020, 11:29 a.m.
  • Length: 12:47

All games in this series

Show
View Real Time Build Order
Export as new Build Order

Creature Protoss - Winner!

Build Orders: 1 Gate Expand, Oracle Opening, Phoenix Opening, Colossus Rush 

Get SALT Encoding   

  12  0:00  Probe  
  13  0:13  Probe  
  14  0:17  Pylon  
  14  0:25  Probe  
  15  0:33  Probe  
  15  0:35  Gateway  
  15  0:41  Probe  
  16  0:47  Assimilator  
  17  0:51  Probe  
  18  1:03  Probe  
  19  1:15  Probe  
  20  1:22  Cybernetics Core  
  20  1:34  Probe  
  21  1:44  Nexus  
  21  1:46  Assimilator  
  21  1:50  Pylon  
  21  1:53  Probe  
  22  1:58  Adept  
  24  2:09  Probe  
  25  2:21  Probe  
  26  2:23  Stargate  
  26  2:29  Adept  
  28  2:33  Probe  
  23  2:37  Warp Gate  
  29  2:46  Probe  
  30  2:55  Probe  
  30  2:56  Probe  
  30  2:57  Oracle  
  32  3:03  Probe  
  32  3:04  Probe  
  32  3:11  Probe  
  32  3:12  Probe  
  39  3:22  Pylon  
  39  3:23  Probe  
  39  3:24  Probe  
  41  3:34  Phoenix  
  41  3:35  Assimilator, Probe  
  41  3:37  Assimilator  
  41  3:40  Probe  
  45  3:45  Robotics Facility  
  45  3:47  Probe  
  46  3:51  Gateway  
  46  3:53  Gateway  
  46  3:54  Probe  
  47  3:59  Probe  
  48  4:06  Probe  
  48  4:07  Phoenix  
  51  4:11  Probe  
  51  4:16  Pylon  
  52  4:18  Pylon  
  52  4:19  Probe  
  52  4:21  Pylon  
  52  4:23  Probe  
  54  4:27  Phoenix  
  54  4:34  Robotics Bay  
  54  4:36  Probe x2  
  58  4:39  Observer  
  58  4:48  Probe, Sentry  
  58  4:49  Stalker, Zealot  
  58  4:51  Pylon  
  66  4:57  Phoenix  
  68  5:08  Colossus  
  68  5:12  Nexus  
  68  5:13  Pylon  
  68  5:15  Probe  
  68  5:16  Probe  
  70  5:27  Probe  
  77  5:29  Probe  
  77  5:32  Shield Battery  
  78  5:38  Extended Thermal Lance  
  78  5:39  Probe  
  78  5:41  Probe  
  80  5:51  Probe  
  80  5:53  Probe  
  80  5:55  Phoenix  
  84  6:01  Forge  
  84  6:03  Probe  
  85  6:05  Probe  
  85  6:07  Colossus  
  85  6:10  Pylon  
  85  6:15  Probe  
  85  6:16  Pylon  
  86  6:23  Probe x2  
  86  6:24  Phoenix  
  95  6:27  Probe  
  95  6:31  Probe  
  97  6:32  Twilight Council  
  97  6:35  Probe  
  99  6:40  Protoss Ground Weapons Level 1  
  99  6:42  Probe  
  100  6:47  Probe  
  100  6:53  Assimilator x2  
  101  6:55  Gateway  
  101  6:56  Colossus, Gateway  
  101  6:59  Phoenix  
  101  7:00  Probe, Gateway, Charge  
  110  7:09  Zealot x3  
  110  7:11  Probe  
  117  7:23  Pylon  
  117  7:24  Pylon x2  
  117  7:27  Probe  
  115  7:31  Probe  
  114  7:38  Colossus  
  114  7:39  Probe  
  114  7:41  Probe x2  
  115  7:49  Gateway  
  115  7:51  Templar Archives, Gateway  
  121  7:55  Phoenix  
  123  8:02  Probe  
  124  8:06  Nexus  
  124  8:11  Pylon, Zealot  
  124  8:12  Zealot x3  
  132  8:17  Zealot x2  
  132  8:18  Protoss Ground Armor Level 1  
  136  8:23  Colossus  
  136  8:25  Probe  
  143  8:34  High Templar  
  143  8:35  High Templar  
  143  8:36  Probe  
  143  8:37  Probe  
  143  8:39  Archon  
  143  8:41  Photon Cannon  
  149  8:47  Shield Battery  
  149  8:48  Photon Cannon  
  149  8:50  Pylon  
  149  8:51  Pylon  
  149  9:08  Probe x2  
  149  9:09  Forge  
  151  9:10  High Templar x4  
  151  9:11  Zealot x3  
  151  9:13  Protoss Ground Weapons Level 2  
  165  9:17  Probe, Warp Prism  
  165  9:18  Probe  
  165  9:20  Probe x2  
  171  9:26  Gateway  
  171  9:28  Gateway  
  171  9:29  Archon x2  
  171  9:43  Gateway x2  
  171  9:48  Zealot x4  
  179  9:52  Pylon  
  179  9:55  Pylon  
  179  10:10  Pylon  
  179  10:12  Pylon  
  179  10:17  Zealot x8  
  170  10:40  Zealot x10  
  148  10:44  Colossus  
  148  10:47  Zealot x2  
  110  11:06  Zealot x4  
  110  11:07  Zealot x8  
  110  11:09  Probe  
  135  11:11  Phoenix  
  135  11:15  Probe  
  138  11:22  Probe  
  138  11:25  Robotics Facility  
  139  11:27  Nexus  
  139  11:28  High Templar x11  
  139  11:31  Archon  
  139  11:32  Archon x4  
  161  11:34  High Templar  
  161  11:38  Pylon  
  161  11:39  Archon  
  163  12:06  Zealot x11  
  141  12:25  Zealot  
  141  12:29  Zealot x10  
  137  12:34  Zealot  
Show
View Real Time Build Order
Export as new Build Order

Vindicta Terran 

Build Orders: Reaper Expand 

Get SALT Encoding   

  12  0:00  SCV  
  13  0:13  SCV  
  14  0:18  Supply Depot  
  14  0:25  SCV  
  15  0:39  SCV  
  15  0:41  Barracks  
  16  0:43  Refinery  
  16  0:52  SCV  
  17  1:04  SCV  
  18  1:16  SCV  
  19  1:28  Orbital Command  
  19  1:29  Reaper  
  20  1:46  Command Center  
  20  1:55  SCV  
  20  1:57  Supply Depot  
  20  2:01  Marine  
  21  2:07  SCV  
  23  2:13  Factory  
  23  2:19  SCV  
  23  2:22  Barracks Reactor  
  24  2:25  Bunker  
  24  2:31  Refinery, SCV  
  25  2:43  SCV  
  26  2:55  SCV  
  29  2:58  Widow Mine  
  29  2:59  Marine x2  
  29  3:00  Orbital Command  
  29  3:04  Starport  
  31  3:09  SCV  
  32  3:17  Marine x2, Supply Depot  
  34  3:21  Widow Mine  
  34  3:24  SCV  
  34  3:26  SCV  
  38  3:35  Marine x2  
  38  3:36  SCV  
  38  3:38  SCV  
  41  3:47  Factory Tech Lab, Viking  
  43  3:48  SCV  
  43  3:53  SCV  
  45  4:00  Command Center  
  45  4:03  SCV  
  45  4:06  Cyclone  
  45  4:08  Marine  
  50  4:10  Marine  
  50  4:12  SCV  
  52  4:17  Supply Depot  
  52  4:18  SCV  
  52  4:21  Starport Tech Lab  
  54  4:24  SCV  
  54  4:29  Barracks  
  54  4:37  Supply Depot  
  54  4:38  Marine x2, SCV x2  
  60  4:46  Refinery  
  60  4:47  Refinery  
  60  4:51  SCV x2  
  61  4:56  Marine  
  61  4:59  Siege Tank  
  65  5:03  Marine, SCV  
  65  5:05  SCV  
  65  5:06  Barracks  
  66  5:14  Engineering Bay  
  66  5:15  SCV, Engineering Bay, Orbital Command  
  66  5:20  Starport Reactor  
  66  5:21  SCV  
  68  5:22  Marine  
  68  5:27  SCV  
  70  5:28  Stimpack  
  70  5:29  Marauder  
  72  5:36  Siege Tank  
  72  5:40  Terran Infantry Armor Level 1, Terran Infantry Weapons Level 1  
  72  5:42  Marine  
  74  5:44  SCV  
  74  5:47  SCV  
  74  5:49  Orbital Command  
  77  5:54  Marauder  
  79  5:57  Barracks Tech Lab  
  79  5:59  SCV  
  79  6:01  Barracks  
  80  6:05  Medivac  
  80  6:06  Medivac  
  80  6:07  Barracks  
  80  6:11  SCV x2  
  82  6:15  Supply Depot x2  
  83  6:23  Missile Turret x2  
  82  6:26  SCV  
  82  6:27  Missile Turret  
  82  6:29  Ghost Academy  
  82  6:30  SCV  
  84  6:34  SCV  
  84  6:36  Siege Tank  
  84  6:38  Marine  
  84  6:39  Marauder  
  91  6:41  Combat Shield  
  91  6:43  SCV  
  91  6:46  SCV x2  
  90  6:49  Barracks Tech Lab  
  90  6:54  Barracks Tech Lab  
  90  6:55  SCV  
  90  6:58  Ghost  
  90  7:00  Supply Depot  
  90  7:01  Enhanced Shockwaves  
  93  7:03  SCV  
  93  7:04  SCV  
  93  7:08  Ghost  
  95  7:12  Siege Tank  
  95  7:14  SCV  
  101  7:17  Concussive Shells  
  101  7:21  Refinery  
  100  7:24  SCV x2, Supply Depot  
  100  7:25  Marine  
  100  7:26  Refinery, SCV  
  100  7:27  Marauder  
  100  7:28  Marine  
  107  7:34  Ghost  
  109  7:40  SCV  
  109  7:42  SCV  
  109  7:45  Medivac, SCV  
  109  7:46  Marauder  
  109  7:48  Marine x2  
  109  7:49  Marauder  
  117  7:52  SCV, Siege Tank  
  117  7:56  Marine  
  117  7:57  SCV  
  124  8:02  Supply Depot  
  124  8:03  Supply Depot  
  124  8:04  Marauder  
  125  8:12  Supply Depot  
  125  8:23  Marine x4, Sensor Tower  
  125  8:24  Medivac, SCV  
  125  8:25  Marauder, Armory, Siege Tank, SCV x2  
  125  8:26  Marine  
  140  8:36  SCV  
  140  8:41  Factory, Marine x2  
  142  8:42  Marauder  
  142  8:46  Missile Turret  
  142  8:47  Marauder, Missile Turret  
  149  8:50  Marine, Supply Depot  
  149  8:52  Supply Depot  
  149  8:54  Ghost  
  150  8:57  Siege Tank  
  150  9:00  Marine x2  
  152  9:10  Marine  
  152  9:13  Medivac, Command Center  
  152  9:14  Missile Turret  
  157  9:18  Terran Vehicle Weapons Level 1  
  157  9:19  Missile Turret  
  157  9:21  Terran Infantry Weapons Level 2  
  157  9:27  Terran Infantry Armor Level 2  
  157  9:32  Personal Cloaking  
  157  9:35  Ghost Academy, Factory Tech Lab  
  156  9:38  SCV x3  
  156  9:40  Ghost Academy  
  158  9:46  Sensor Tower  
  158  9:50  SCV  
  158  9:52  Ghost  
  161  10:05  Siege Tank  
  161  10:06  Ghost Academy  
  162  10:08  Nuke  
  162  10:16  Ghost  
  162  10:21  SCV x2  
  166  10:22  SCV  
  166  10:25  Marine, Marauder  
  166  10:27  Marine, Marauder  
  173  10:29  Marauder  
  173  10:31  Planetary Fortress  
  135  10:42  Marine, Siege Tank  
  135  10:45  Marine, Marauder  
  135  10:46  Marine  
  135  10:48  Marauder  
  116  10:50  Marauder  
  116  10:52  Siege Tank  
  104  10:58  SCV  
  104  11:00  Marine  
  104  11:02  Medivac, SCV x2  
  104  11:03  Marine, Nuke  
  104  11:04  Marine, Barracks  
  111  11:05  Barracks, Missile Turret  
  111  11:06  Marine  
  111  11:09  Medivac  
  111  11:10  Marauder  
  111  11:11  SCV  
  118  11:14  SCV  
  118  11:15  Refinery  
  118  11:16  Refinery  
  120  11:21  SCV, Ghost  
  120  11:22  SCV  
  120  11:23  SCV  
  125  11:26  Ghost  
  127  11:33  SCV  
  127  11:34  SCV  
  127  11:36  SCV, Hellion  
  127  11:39  Marine  
  132  11:41  Command Center  
  132  11:43  Ghost  
  132  11:46  Ghost  
  136  11:50  Ghost  
  136  11:53  Marine x3  
  141  11:55  Marine  
  141  11:57  Marine  
  141  12:00  Medivac  
  145  12:11  Ghost  
  145  12:12  Ghost  
  139  12:16  Marine  
  139  12:17  Marine x2  
  139  12:21  SCV  
  110  12:23  Marine  
  110  12:25  SCV  
  88  12:32  SCV  
  88  12:33  SCV  
Tags
 
Add a new tag
Caveats
  • Supply blocks, unpowered buildings, or Contaminate may cause inaccurate times.
  • Supply counts are checked every 10 seconds.